AoeStats
← Mycorrhizal

Black Forest

510164678Analyzed
4v4 RM · 1d ago on Sep 29, 2026· 70m 40s· 8 players
Game mode
Random Map
Map size
Large (8 player)
Population
200
Speed
Normal
Resources
Standard
Victory
Conquest
Starting age
Dark Age
Ending age
Imperial Age
RankedLock teamsTeams togetherTeam positionsShared explorationLock speedFull tech treeHidden civsTurbo modeCheats
Victory
Defeat
🇩🇪 Persians · Germany
1447
+15
🇺🇸 Saxons · United States
1438
+16
🇨🇦 Tatars · Canada
1424
+16
🇹🇷 Bulgarians · Türkiye
1416
+17
🇺🇸 Chinese · United States
1504
-19
🇺🇸 Burgundians · United States
1480
-18
🇹🇷 Gurjaras · Türkiye
1391
-14
🇹🇷 Maya · Türkiye
1346
-13
Darealown
11:24 Feudal Age
15:01 Castle Age
13:30 Double-Bit Axe
13:54 Horse Collar
15:47 Heavy Plow
20:53 Wheelbarrow
20:13 Town Watch
21:50 Hand Cart
22:09 Bow Saw
21:55 Fishing Lines
22:07 Loom
22:28 Stone Mining
24:40 Stone Shaft Mining
24:05 Gold Mining
24:36 Loom
26:49 Scale Barding Armor
26:55 Forging
28:45 Chain Barding Armor
29:01 Iron Casting
32:37 Imperial Age
31:23 Bloodlines
31:13 Husbandry
32:35 Gillnets
33:14 Conscription
33:14 Masonry
34:11 Blast Furnace
34:25 Hoardings
34:41 Architecture
35:23 Two-Man Saw
34:57 Crop Rotation
35:07 Fletching
35:11 Elite War Elephant
35:54 Bodkin Arrow
37:16 Plate Barding Armor
37:04 Ballistics
37:31 Citadels
38:52 Coinage
39:03 Gold Shaft Mining
42:30 Caravan
43:08 Capped Ram
44:11 Siege Ram
46:15 Devotion
Rionosis
1:30 Loom
11:41 Feudal Age
13:48 Double-Bit Axe
16:08 Castle Age
14:23 Horse Collar
17:21 Bow Saw
18:29 Heavy Plow
20:30 Town Watch
22:50 Wheelbarrow
24:58 Hand Cart
24:41 Gold Mining
25:16 Fletching
25:39 Bodkin Arrow
31:08 Ballistics
33:27 Imperial Age
32:33 Gold Shaft Mining
32:36 Guard Tower
32:57 Masonry
33:36 Murder Holes
34:16 Arrowslits
34:41 Man-at-Arms
35:07 Gambesons
35:23 Squires
36:07 Keep
37:32 Chemistry
35:56 Pikeman
35:59 Long Swordsman
37:57 Two-Handed Swordsman
38:37 Halberdier
39:20 Scale Mail Armor
40:57 Forging
41:23 Bracer
41:34 Champion
42:44 Conscription
43:42 Chain Mail Armor
44:04 Iron Casting
44:47 Arson
45:34 Plate Mail Armor
44:46 Shield Wall
46:15 Architecture
46:20 Elite Varangian Guard
47:57 Siege Engineers
47:32 Treadmill Crane
48:10 Devotion
48:30 Scale Barding Armor
48:35 Light Cavalry
49:25 Bloodlines
49:16 Husbandry
49:37 Chain Barding Armor
50:43 Two-Man Saw
49:50 Padded Archer Armor
49:13 Hussar
50:40 Hoardings
49:33 Clerical Recruitment
50:15 Caravan
53:14 Crop Rotation
52:37 Cavalier
58:14 Fortified Wall
61:13 Town Patrol
62:18 Leather Archer Armor
64:41 Faith
67:58 Sappers
70:36 Spies/Treason
monster
9:19 Loom
13:18 Feudal Age
17:11 Castle Age
20:14 Stone Mining
20:14 Double-Bit Axe
21:16 Scale Barding Armor
27:32 Imperial Age
27:24 Horse Collar
29:15 Fletching
35:36 Chain Barding Armor
35:16 Scale Mail Armor
35:27 Forging
37:26 Plate Barding Armor
38:03 Iron Casting
40:03 Chain Mail Armor
40:49 Blast Furnace
46:55 Pikeman
48:24 Squires
48:51 Heavy Plow
55:25 Wheelbarrow
57:24 Conscription
57:39 Plate Mail Armor
58:23 Hand Cart
60:31 Bagains
60:25 Gambesons
60:27 Arson
64:56 Gold Mining
68:35 Crop Rotation
69:45 Bow Saw
70:15 Gold Shaft Mining
Mycorrhizal
1:30 Loom
13:29 Feudal Age
14:00 Man-at-Arms
14:31 Double-Bit Axe
15:07 Arson
23:11 Castle Age
21:19 Horse Collar
23:30 Fletching
24:15 Bow Saw
24:14 Bodkin Arrow
26:10 Heavy Plow
29:19 Wheelbarrow
28:44 Gold Mining
28:48 Stone Mining
33:29 Imperial Age
31:13 Padded Archer Armor
32:38 Leather Archer Armor
33:35 Gold Shaft Mining
34:05 Hand Cart
34:29 Bracer
34:52 Ballistics
36:24 Ring Archer Armor
36:57 Chemistry
36:11 Silk Armor
36:20 Town Watch
36:50 Heavy Cavalry Archer
38:19 Bloodlines
38:10 Husbandry
44:23 Guilds
45:09 Coinage
47:08 Timurid Siegecraft
47:23 Conscription
47:55 Banking
50:29 Caravan
53:01 Light Cavalry
54:42 Hussar
55:31 Scale Barding Armor
57:47 Chain Barding Armor
59:03 Forging
60:09 Plate Barding Armor
60:12 Iron Casting
62:19 Blast Furnace
70:18 Spies/Treason
Siny
0:27 Loom
11:06 Feudal Age
15:57 Castle Age
14:31 Double-Bit Axe
16:29 Scale Mail Armor
16:43 Forging
16:45 Squires
16:32 Arson
19:08 Eagle Warrior
20:18 Fishing Lines
21:21 Bow Saw
21:47 Gillnets
23:15 Chain Mail Armor
24:35 Iron Casting
32:32 Wheelbarrow
31:43 Town Watch
32:02 Gold Mining
31:34 Pikeman
37:33 Hand Cart
37:19 Town Patrol
38:47 Caravan
43:49 Imperial Age
43:52 Halberdier
44:44 Padded Archer Armor
45:18 Plate Mail Armor
46:24 Blast Furnace
46:23 Fervor
47:11 Conscription
46:48 Man-at-Arms
YOGRANNYCANTSCRAP
6:37 Double-Bit Axe
12:48 Feudal Age
13:24 Fishing Lines
14:08 Bow Saw
14:31 Gillnets
19:23 Horse Collar
23:38 Wheelbarrow
23:46 Heavy Plow
24:19 Gold Mining
25:39 Caravan
26:44 Hand Cart
29:08 Castle Age
28:04 Gold Shaft Mining
27:21 Stone Mining
29:31 Scale Barding Armor
29:37 Forging
31:20 Two-Man Saw
31:18 Chain Barding Armor
30:19 Cavalier
32:01 Iron Casting
31:28 Husbandry
34:13 Guilds
34:30 Loom
34:31 Town Watch
35:37 Crop Rotation
38:15 Imperial Age
38:18 Paladin
39:37 Plate Barding Armor
40:03 Blast Furnace
40:53 Onager
45:42 Chemistry
59:00 Flemish Revolution
59:53 Scale Mail Armor
The Daunting Knight
0:30 Loom
14:07 Feudal Age
15:01 Double-Bit Axe
21:46 Castle Age
19:59 Stone Mining
26:17 Bow Saw
30:49 Imperial Age
30:00 Fortified Wall
30:13 Great Wall
34:34 Caravan
36:04 Heavy Rocket Cart
39:14 Chemistry
42:58 Elite Fire Lancer
43:39 Squires
43:24 Arson
44:08 Horse Collar
45:31 Two-Man Saw
44:22 Arson
45:24 Wheelbarrow
45:35 Scale Mail Armor
45:46 Forging
46:37 Town Watch
49:22 Iron Casting
49:02 Chain Mail Armor
49:23 Iron Casting
51:41 Hand Cart
51:11 Town Watch
52:38 Blast Furnace
52:08 Plate Mail Armor
52:39 Blast Furnace
56:17 Capped Ram
57:12 Siege Ram
67:15 Fletching
67:26 Padded Archer Armor
67:56 Bodkin Arrow
nickneime
12:26 Feudal Age
13:41 Double-Bit Axe
16:33 Castle Age
15:25 Stone Mining
15:33 Horse Collar
16:17 Fishing Lines
17:53 Bow Saw
24:27 Wheelbarrow
25:12 Gold Mining
26:03 Hand Cart
26:08 Gillnets
26:32 Loom
28:02 Gold Shaft Mining
28:02 Stone Shaft Mining
32:42 Imperial Age
30:20 Kshatriyas
30:21 Scale Barding Armor
30:26 Forging
30:27 Husbandry
30:37 Bloodlines
32:14 Chain Barding Armor
32:29 Iron Casting
32:47 Heavy Camel Rider
34:02 Plate Barding Armor
34:49 Frontier Guards
34:51 Conscription
42:01 Coinage
41:32 Caravan
43:41 Illumination
43:56 Light Cavalry
45:41 Theocracy
45:24 Fletching
45:34 Padded Archer Armor
46:27 Bodkin Arrow
46:37 Elite Chakram Thrower
47:33 Leather Archer Armor
50:42 Banking
Connection lost

Rejoining the realm…

Still unreachable

The connection could not be restored.

Session expired

The server has moved on; the page needs a fresh start.